 Dungeon Crawl Stone Soup version 0.18.1-5-g4a78601 (webtiles) character file.

6 nubinia the Magician (level 1, 0/11 HPs)
             Began as an Octopode Wizard on May 12, 2016.
             Hit by a stone thrown by a hobgoblin (3 damage)
             ... on level 1 of the Dungeon.
             The game lasted 00:01:06 (297 turns).

nubinia the Magician (Octopode Wizard)               Turns: 297, Time: 00:01:07

Health: 0/11       AC:  1    Str:  6    XL:     1   Next: 90%
Magic:  4/4        EV: 12    Int: 20    God:
Gold:   20         SH:  0    Dex: 10    Spells: 1 memorised, 5 levels left

rFire  . . .     SeeInvis .     f - +0 club
rCold  . . .     Gourm    .     (no shield)
rNeg   . . .     Faith    .     a - +0 hat
rPois  .         Spirit   .     (no amulet)
rElec  .         Dismiss  .     (no ring)
rCorr  .         Reflect  .     (no ring)
SustAt .         Harm     .     (no ring)
MR     .....                    (no ring)
Stlth  +++.......               (no ring)
                                (no ring)
                                (no ring)
                                (no ring)

@: not resistant to hostile enchantments, fairly stealthy
A: almost no armour, amphibious, 8 rings, constrict 8, camouflage 1, gelatinous
body 1
a: no special abilities


You were on level 1 of the Dungeon.
You were not hungry.

You visited 1 branch of the dungeon, and saw 1 of its levels.

You collected 20 gold pieces.

Inventory:

Hand Weapons
 f - a +0 club (weapon)
Armour
 a - a +0 hat (worn)
Scrolls
 e - a scroll of fear {unknown}
Potions
 d - a potion of heal wounds {unknown}
Books
 b - a book of Minor Magic

   Spells                             Type                      Level
   a - Magic Dart                     Conjuration                  1
   b - Blink                          Translocation                2
   c - Call Imp                       Summoning                    2
   d - Repel Missiles                 Charms/Air                   2
   e - Slow                           Hexes                        2
   f - Conjure Flame                  Conjuration/Fire             3
   g - Mephitic Cloud                 Conjuration/Poison/Air       3
Comestibles
 c - 2 bread rations


   Skills:
 + Level 2.1 Dodging
 + Level 2.6 Stealth
 + Level 3.2 Spellcasting
 + Level 1.0 Conjurations
   Level 1.0 Summonings
   Level 1.0 Translocations


You had 5 spell levels left.
You knew the following spells:

 Your Spells              Type           Power        Failure   Level  Hunger
a - Magic Dart            Conj           #...         12%         1    None


Dungeon Overview and Level Annotations

Branches:
Dungeon (1/15)

Altars:


Innate Abilities, Weirdness & Mutations

You cannot wear most types of armour.
You are amphibious.
You can wear up to eight rings at the same time.
You can use your tentacles to constrict eight enemies at once.
Your skin changes colour to match your surroundings (Stealth).
Your rubbery body absorbs attacks (AC +1).


Message History

You closely miss the goblin. You grab the goblin. You squeeze the goblin.
You kill the goblin!
The hobgoblin throws a stone.
The stone hits you.
The hobgoblin throws a stone.
The stone barely misses you. The hobgoblin closely misses you.
You barely miss the hobgoblin. Your grab misses the hobgoblin.
The hobgoblin closely misses you.
You closely miss the goblin. Your grab misses the goblin.
The goblin closely misses you. The hobgoblin misses you. The goblin hits you.
You hit the goblin. Your grab misses the goblin.
Your squeeze misses the goblin.
The goblin is severely wounded.
The hobgoblin hits you with a club. The goblin misses you.
The hobgoblin throws a stone.
The stone closely misses you. The goblin completely misses you.
The hobgoblin throws a stone.
The stone hits you.
* * * LOW HITPOINT WARNING * * *
You see here a stone.
The hobgoblin throws a stone.
The stone hits you.
You die...

....######## ###..........#
....%...%.... #.........(#
#..........# #(...$.....#
#.....)....# #################
#....(.....#
#....g.......@.g###(.........#
#..##♣♣♣.♣♣♣##...g..(........#
#.g# ♣⌠♣ #..÷#############
##..♣♣♣♣♣.♣♣♣♣♣...#
#......⌠.<.⌠......#
#..g♣♣♣♣♣.♣♣♣♣♣...# #...# ♣⌠♣
#...# #...##♣♣♣.♣♣♣##...#
#....†......).....#


You could see a hobgoblin and a goblin.

Vanquished Creatures
  A bat (D:1)
  A goblin (D:1)
  2 hobgoblins (D:1)
  A rat (D:1)
5 creatures vanquished.

Notes
Turn   | Place    | Note
--------------------------------------------------------------
     0 | D:1      | nubinia the Octopode Wizard began the quest for the Orb.
     0 | D:1      | Reached XP level 1. HP: 11/11 MP: 4/4
   297 | D:1      | Hit by a stone thrown by a hobgoblin

Action                   || total
-------------------------++-------
Melee: Unarmed           ||     7
       Club              ||     4
       Constrict         ||     2
       Tentacles         ||     2
 Cast: Magic Dart        ||     9
Armor: Skin              ||     1
Dodge: Dodged            ||    10
